 Dungeon Crawl Stone Soup version 0.30.1-11-g7821555f0a (webtiles) character file.

Game seed: 7180229483496470606

18974 comborobin the Markshill orc (level 12, -11/96 HPs)
             Began as a Hill Orc Delver on Dec 23, 2023.
             Was the Champion of Cheibriados.
             Mangled by a phantasmal warrior (26 damage)
             ... led by a death knight
             ... on level 13 of the Dungeon.
             The game lasted 00:18:26 (13297 turns).

comborobin the Markshill orc (Hill Orc Delver)     Turns: 13297, Time: 00:18:26

Health: -11/96     AC: 17    Str: 33    XL:     12   Next: 64%
Magic:  17/17      EV: 16    Int: 25    God:    Cheibriados [******]
Gold:   87         SH:  0    Dex: 29    Spells: 5/13 levels left

rFire   . . .        t - +8 storm bow {elec, penet}
rCold   . . .        (shield currently unavailable)
rNeg    . . .        T - +0 acid dragon scales
rPois   .            M - +0 helmet
rElec   .            (no cloak)
rCorr   +            w - +0 pair of gloves
SInv    .            x - +2 pair of boots {Fly}
Will    .....        i - amulet of the acrobat
Stlth   +++          (no ring)
HPRegen 0.36/turn    K - +4 ring of protection
MPRegen 0.15/turn

%: acrobat
@: about to teleport, flying, very slow
A: no striking features
a: Renounce Religion, Bend Time, Temporal Distortion, Slouch, Step From Time


You were on level 13 of the Dungeon.
You worshipped Cheibriados.
Cheibriados was exalted by your worship.
You visited 2 branches of the dungeon, and saw 14 of its levels.

You collected 807 gold pieces.
You spent 720 gold pieces at shops.

Inventory:

Hand Weapons
 a - a +2 heavy battleaxe
 t - the +8 storm bow (weapon) {elec, penet}
   (You found it on level 2 of the Dungeon)
 I - a +4 halberd
Missiles
 h - 2 throwing nets
Armour
 e - a +0 pair of boots
 n - the +1 leather armour of a ziggurat {*Slow rPois rN+ Str+2}
   (You found it on level 3 of the Dungeon)

   Str:       It affects your strength (+2).
   rPois:     It protects you from poison.
   rN:        It protects you from negative energy.
   *Slow:     It may slow you when you take damage.
 r - a +2 robe of positive energy
 w - a +0 pair of gloves (worn)
 x - a +2 pair of boots of flying (worn)
 C - a +1 chain mail of poison resistance
 M - a +0 helmet (worn)
 Q - a +1 robe of cold resistance
 T - +0 acid dragon scales (worn)
Jewellery
 i - an amulet of the acrobat (around neck)
 K - a +4 ring of protection (right hand)
Wands
 b - a wand of iceblast (10)
 g - a wand of digging (2)
 k - a wand of charming (12)
 q - a wand of flame (79)
 R - a wand of quicksilver (15)
 S - a wand of polymorph (12)
Scrolls
 c - a scroll of fog
 d - 4 scrolls of magic mapping
 f - 3 scrolls of immolation
 j - 4 scrolls of poison
 m - 5 scrolls of brand weapon
 s - 2 scrolls of amnesia
 u - a scroll of torment {unknown}
 v - 5 scrolls of teleportation
 y - 5 scrolls of enchant armour {unknown}
 A - a scroll of blinking {unknown}
 B - 12 scrolls of identify
 D - a scroll of enchant weapon {unknown}
 G - a scroll of vulnerability {unknown}
 H - a scroll of acquirement {unknown}
Potions
 l - 4 potions of might {unknown}
 o - 2 potions of degeneration {unknown}
 p - 3 potions of brilliance
 z - 2 potions of lignification {unknown}
 E - 3 potions of magic {unknown}
 F - 3 potions of curing
 J - 2 potions of invisibility {unknown}
 L - 5 potions of cancellation {unknown}
 N - 2 potions of attraction {unknown}
 O - a potion of flight
 P - 2 potions of mutation {unknown}


   Skills:
 * Level 6.0 Fighting
 - Level 6.9 Axes
 + Level 15.4 Ranged Weapons
 - Level 5.0 Armour
 - Level 5.0 Dodging
 - Level 4.1 Stealth
 + Level 1.1 Spellcasting
 + Level 1.2 Translocations
 - Level 7.0 Invocations


You had 5 spell levels left.
You knew the following spells:

 Your Spells              Type           Power      Damage    Failure   Level
h - Passage of Golubria   Tloc           7%         N/A       63%         4
o - Ozocubu's Armour      Ice            1%         N/A       38%         3
A - Apportation           Tloc           14%        N/A       9%          1

Your spell library contained the following spells:

 Spells                   Type           Power      Damage    Failure   Level
 Lesser Beckoning         Tloc           14%        N/A       13%         2
 Freeze                   Ice            4%         1d3       14%         1
 Sting                    Tmut/Pois      4%         1d3       14%         1
 Cigotuvi's Dreadful Rot  Necr/Pois/Air  2%         N/A       22%         2
 Ensorcelled Hibernation  Hex/Ice        2%         N/A       22%         2
 Passwall                 Tmut/Erth      0%         N/A       22%         2
 Poisonous Vapours        Pois/Air       2%         N/A       22%         2
 Static Discharge         Conj/Air       2%         2-3/arc   22%         2
 Gell's Gravitas          Tloc           7%         N/A       26%         3
 Teleport Other           Tloc           7%         N/A       26%         3
 Dazzling Flash           Conj/Hex       2%         N/A       38%         3
 Frozen Ramparts          Ice            2%         1d1       38%         3
 Hailstorm                Conj/Ice       1%         3d3       38%         3
 Swiftness                Air            1%         N/A       38%         3
 Tukima's Dance           Hex            1%         N/A       38%         3
 Airstrike                Air            0%         2d(1-17)  80%         4
 Ice Form                 Ice/Tmut       1%         N/A       80%         4
 Olgreb's Toxic Radiance  Pois           1%         N/A       80%         4
 Petrify                  Tmut/Erth      1%         N/A       80%         4
 Summon Ice Beast         Ice/Summ       1%         N/A       80%         4
 Summon Lightning Spire   Summ/Air       1%         N/A       80%         4
 Agony                    Necr           1%         N/A       98%         5
 Alistair's Intoxication  Tmut/Pois      0%         N/A       98%         5
 Metabolic Englaciation   Hex/Ice        0%         N/A       98%         5
 Silence                  Hex/Air        0%         N/A       98%         5
 Yara's Violent Unravell  Hex/Tmut       0%         3d3       98%         5
 Dispersal                Tloc           3%         N/A       100%        6
 Statue Form              Tmut/Erth      0%         N/A       100%        6
 Haunt                    Necr/Summ      0%         N/A       100%        7
 Ozocubu's Refrigeration  Ice            0%         4d7       100%        7


Dungeon Overview and Level Annotations

Branches:
Dungeon (13/15)            Temple (1/1) D:4            Lair (0/5) D:9
    Orc (0/2) D:10
 Vaults: D:13-14

Altars:
Ashenzari
Cheibriados
Dithmenos
Fedhas
Gozag
Hepliaklqana
Kikubaaqudgha
Makhleb
Nemelex Xobeh
Qazlal
Ru
Sif Muna
Uskayaw
Vehumet
Wu Jian
Xom
Yredelemnul
Zin
The Shining One

Shops:
D:6 :   D:10 =*

Portals:
Trove: D:11 (give horn of Geryon)

Annotations:
D:13 1 runed translucent door, Myxzi's ghost, journeyman TrFi


Message History

Cheibriados thoroughly appreciates the change of pace.
You hear a splash.
You hear a splash. x3
Your damage is reflected back at you!
Your Fighting skill increases to level 6!
Your Spellcasting skill increases to level 1!
The phantasmal warrior gestures at you.
The phantasmal warrior blinks!
Okay, then.
You feel better. The phantasmal warrior gestures at you.
The phantasmal warrior blinks!
Okay, then.
As you read the scroll of teleportation, it crumbles to dust.
You feel strangely unstable.
The ice dragon roars deafeningly!
The phantasmal warrior hits you!
Fire: t) +8 storm bow {elec, penet}
Press: ? - help, Q - select action, (/) - cycle Shift-Dir - straight line, f - phantasmal warrior
Aim: a phantasmal warrior (77% to hit)
You shoot an arrow.
The arrow pierces through the phantasmal warrior!!
The phantasmal warrior is heavily damaged.
The phantasmal warrior misses you.
Fire: t) +8 storm bow {elec, penet}
Press: ? - help, Q - select action, (/) - cycle Shift-Dir - straight line, f/p - phantasmal warrior
Aim: a phantasmal warrior (heavily damaged, 77% to hit)
You shoot an arrow.
The arrow pierces through the phantasmal warrior.
The phantasmal warrior is severely damaged.
The ice dragon breathes frost at you. The blast of cold hits you!!
* * * LOW HITPOINT WARNING * * *
The phantasmal warrior closely misses you.
Fire: t) +8 storm bow {elec, penet}
Press: ? - help, Q - select action, (/) - cycle Shift-Dir - straight line, f/p - phantasmal warrior
Aim: a phantasmal warrior (severely damaged, 77% to hit)
Okay, then.
You feel better. The phantasmal warrior hits you!!
You die...

#.# ### #.####
#....# ####.# ###
##.# ~...### #..#
.......## ######.##
........#####......#
~...D...@[.)..######
~........W#####
~~......###
)~~....## ~~~..##
#####


You could see an ice dragon and a phantasmal warrior.

Vanquished Creatures
  A catoblepas (D:13)
  2 death knights
  A tengu warrior (D:11)
  A boulder beetle (D:11)
  4 skeletal warriors
  2 deep elf pyromancers (D:13)
  2 ugly things
  An elephant (D:9)
  A gargoyle (D:13)
  4 unseen horrors
  A freezing wraith (D:13)
  A yaktaur (D:12)
  3 trolls
  Grinder (D:4)
  Sigmund (D:2)
  2 shadows
  2 wyverns (D:9)
  8 yaks
  3 wraiths
  A basilisk (shapeshifter) (D:13)
  4 vampire mosquitoes (D:13)
  3 steam dragons (D:8)
  Grum (D:11)
  A basilisk (D:9)
  Menkaure (D:5)
  3 acid dragons
  2 water moccasins
  Duvessa (D:7)
  5 orc warriors
  4 sky beasts
  An ice beast (D:5)
  4 black bears
  An ogre (D:6)
  4 wolves (D:11)
  A centaur (D:9)
  A kobold brigand (D:10)
  3 bullfrogs
  5 scorpions
  15 wights
  Dowan (D:7)
  8 killer bees
  9 howler monkeys
  4 hounds (D:5)
  3 orc priests
  A gnoll bouda (D:9)
  2 jellies
  2 sleepcaps (D:6)
  Jessica (D:2)
  4 iguanas (D:5)
  13 orc wizards
  4 gnolls (D:9)
  7 adders
  4 white imps
  4 worms
  2 dart slugs
  42 orcs
  5 endoplasms
  3 giant cockroaches
  7 goblins
  5 hobgoblins
  3 jackals
  8 kobolds
  2 quokkas
  4 ball pythons
  4 bats
  A frilled lizard (D:1)
  3 rats
  A spectral orc (D:4)
259 creatures vanquished.

Vanquished Creatures (others)
  A human (D:6)
1 creature vanquished.

Grand Total: 260 creatures vanquished

Notes
Turn   | Place    | Note
-------+----------+-------------------------------------------
     0 | D:5      | comborobin the Hill Orc Delver began the quest for the Orb.
     0 | D:5      | Reached XP level 1. HP: 19/19 MP: 1/1
     1 | D:6      | Noticed a scorpion
   266 | D:3      | Reached XP level 2. HP: 26/26 MP: 2/2
   375 | D:3      | Noticed a +0 hand axe
   375 | D:3      | Noticed a +0 hand axe
   385 | D:3      | Found a hide-covered altar of Uskayaw.
   466 | D:3      | Identified the +1 leather armour of a ziggurat {*Slow rPois
                  | rN+ Str+2}
   537 | D:3      | Found an opulent altar of Gozag.
   671 | D:3      | Reached XP level 3. HP: 22/31 MP: 3/3
   832 | D:3      | Found a burning altar of Makhleb.
   832 | D:3      | Noticed an Executioner
   835 | D:3      | Noticed a smoke demon
   835 | D:3      | Noticed an orange demon
   933 | D:3      | Reached skill level 5 in Axes
  1385 | D:2      | Noticed Sigmund
  1407 | D:2      | Killed Sigmund
  1408 | D:2      | Reached XP level 4. HP: 20/41 MP: 4/4
  1408 | D:2      | Reached XP level 5. HP: 23/47 MP: 5/5
  1574 | D:2      | Noticed Jessica
  1591 | D:2      | Killed Jessica
  1592 | D:2      | Reached XP level 6. HP: 35/53 MP: 6/6
  1926 | D:2      | Found the +8 storm bow {elec, penet}
  2281 | D:4      | Noticed Grinder
  2293 | D:4      | Killed Grinder
  2294 | D:4      | Reached skill level 3 in Ranged Weapons
  2294 | D:4      | Reached XP level 7. HP: 60/60 MP: 7/7
  2402 | D:4      | Found a staircase to the Ecumenical Temple.
  2418 | D:4      | Found a broken altar of Ashenzari.
  2446 | Temple   | Entered the Ecumenical Temple
  2560 | Temple   | Became a worshipper of Cheibriados the Contemplative
  2706 | D:4      | Reached skill level 4 in Ranged Weapons
  2728 | D:4      | Got the Tractate on Phantasmal Contamination
  3045 | D:4      | Found a basalt altar of Yredelemnul.
  3263 | D:5      | Reached skill level 5 in Ranged Weapons
  3369 | D:5      | Found a sparkling altar of Nemelex Xobeh.
  3384 | D:5      | Reached * piety under Cheibriados
  3385 | D:5      | Reached XP level 8. HP: 67/67 MP: 8/8
  3561 | D:5      | Reached skill level 6 in Ranged Weapons
  3595 | D:5      | Found a glowing golden altar of the Shining One.
  3880 | D:5      | Noticed Menkaure
  3889 | D:5      | Killed Menkaure
  3890 | D:5      | Reached skill level 7 in Ranged Weapons
  4305 | D:6      | Reached skill level 8 in Ranged Weapons
  4337 | D:6      | Reached ** piety under Cheibriados
  4385 | D:6      | Reached XP level 9. HP: 71/72 MP: 9/9
  4478 | D:6      | Reached skill level 9 in Ranged Weapons
  4650 | D:6      | Found an ancient bone altar of Kikubaaqudgha.
  4705 | D:6      | Found Sieloori's Book Shoppe.
  4792 | D:6      | Reached skill level 1 in Invocations
  5409 | D:7      | Reached skill level 5 in Invocations
  5527 | D:7      | Noticed Duvessa
  5527 | D:7      | Noticed Dowan
  5534 | D:7      | Killed Duvessa
  5535 | D:7      | Reached skill level 10 in Ranged Weapons
  5545 | D:7      | Killed Dowan
  5545 | D:7      | Reached *** piety under Cheibriados
  6213 | D:8      | Reached skill level 5 in Fighting
  6220 | D:8      | Reached XP level 10. HP: 73/80 MP: 13/13
  6834 | D:8      | Found a glowing golden altar of the Shining One.
  7087 | D:9      | Found an ornate altar of the Wu Jian Council.
  7109 | D:9      | Noticed an elephant
  7137 | D:9      | Reached skill level 11 in Ranged Weapons
  7137 | D:9      | Killed an elephant
  7137 | D:9      | Reached **** piety under Cheibriados
  7138 | D:9      | Reached skill level 5 in Armour
  7607 | D:1      | Learned a level 1 spell: Apportation
  7633 | D:1      | Found a faded altar of an unknown god.
  8326 | D:9      | Reached skill level 12 in Ranged Weapons
  8378 | D:9      | Found a staircase to the Lair.
  8405 | D:9      | Identified the +6 falchion "Iteanla" {venom, rC++}
  8442 | D:9      | Reached ***** piety under Cheibriados
  8627 | D:9      | Reached XP level 11. HP: 81/86 MP: 14/14
  8917 | D:10     | Entered Level 10 of the Dungeon
  8964 | D:10     | Reached skill level 13 in Ranged Weapons
  9048 | D:10     | Found Zin's Purification Station.
  9051 | D:10     | Found a glowing silver altar of Zin.
  9181 | D:10     | Found a stormy altar of Qazlal.
  9185 | D:10     | Found a staircase to the Orcish Mines.
  9710 | D:10     | Found Uqemudem's Jewellery Emporium.
  9713 | D:10     | Bought a +4 ring of protection for 360 gold pieces
 10007 | D:11     | Noticed a tengu warrior
 10018 | D:11     | Noticed a boulder beetle
 10237 | D:11     | Killed a tengu warrior
 10250 | D:11     | Killed a boulder beetle
 10641 | D:11     | Noticed Grum
 10651 | D:11     | Killed Grum
 10730 | D:11     | Found a portal to a secret trove of treasure.
 10739 | D:11     | Learned a level 4 spell: Passage of Golubria
 10834 | D:12     | Noticed a purple ugly thing
 10838 | D:12     | Killed a purple ugly thing
 10863 | D:12     | Noticed a skeletal warrior
 10879 | D:12     | Noticed a skeletal warrior
 10886 | D:12     | Killed a skeletal warrior
 10887 | D:12     | Reached skill level 5 in Dodging
 10891 | D:12     | Noticed a skeletal warrior
 10897 | D:12     | Killed a skeletal warrior
 10898 | D:12     | Reached skill level 14 in Ranged Weapons
 10930 | D:12     | Killed a skeletal warrior
 10931 | D:12     | Reached XP level 12. HP: 71/94 MP: 15/17
 11113 | D:12     | Found a blossoming altar of Fedhas.
 11757 | D:12     | Found a sacrificial altar of Ru.
 11757 | D:12     | Noticed a death knight
 11774 | D:12     | Killed a death knight
 12080 | D:13     | Found a shimmering altar of Xom.
 12080 | D:13     | Noticed Myxzi's ghost (journeyman TrFi)
 12082 | D:13     | Found a runed translucent door.
 12202 | D:13     | Reached skill level 15 in Ranged Weapons
 12204 | D:13     | Identified the +0 arbalest of Big Damage {flame, Str+2
                  | Int+5 Dex-5 Stlth+}
 12204 | D:13     | Noticed a death knight
 12459 | D:13     | Noticed a catoblepas
 12467 | D:13     | Killed a catoblepas
 12467 | D:13     | Reached ****** piety under Cheibriados
 12885 | D:6      | Bought Ozocubu's Autobiography for 360 gold pieces
 12889 | D:6      | Learned a level 3 spell: Ozocubu's Armour
 13246 | D:13     | Reached skill level 1 in Translocations
 13280 | D:13     | Noticed an ice dragon
 13291 | D:13     | Killed a death knight
 13292 | D:13     | Reached skill level 1 in Spellcasting
 13297 | D:13     | Mangled by a phantasmal warrior

Illustrated notes

Levels and vault maps discovered:
D:1:      matt_arrival_los_fun, layout_loops_ring,
          hellmonk_ecumenical_altar_prayer_group
D:2:      layout_basic, uniq_jessica, uniq_sigmund
D:3:      layout_loops_ring, lemuel_round_altar, dancing_weapons_uskayaw,
          makhleb_altar_promises_db, hangedman_feature_mirror
D:4:      layout_cave_pods, lemuel_tele_altar,
          yredelemnul_forgotten_temple_becter, temple_doors_e,
          roderic_lattice_a, uniq_grinder
D:5:      layout_basic, mainiacjoe_overflow_alcove_1, minivault_19,
          minmay_ruined_shrine, uniq_menkaure
D:6:      layout_rooms, tgw_kikubaaqudgha, serial_shops,
          nicolae_shop_just_a_little_nook
D:7:      layout_rooms, uniq_duvessa
D:8:      layout_basic, tso_oasis_becter, hangedman_misty_isle
D:9:      layout_cave_pools, mainiacjoe_overflow_brackets, david_lair_generic
D:10:     layout_stronghold, zin_purify, grunt_qazlal_sundering, orc_0_dummy,
          serial_shops, nicolae_shop_real_fake_doors
D:11:     layout_rooms, trove_entry_hex_spiral, minmay_stone_trees_small,
          uniq_grum
D:12:     layout_cave_pods, hangedman_feature_mirror
D:13:     dragon1_lemuel, layout_loops_cross, ebering_ghost_xom
Temple:   minmay_temple_curvy_loop

Skill      XL: |  1  2  3  4  5  6  7  8  9 10 11 12 |
---------------+-------------------------------------+-----
Axes           | 3 4 6 |  6.9
Fighting       | 4 5 6 |  6.0
Armour         | 2 3 5 |  5.0
Ranged Weapons | 3 5 8 10 12 14 15 | 15.4
Invocations    | 5 6 7 |  7.0
Dodging        | 5 |  5.0
Translocations | 1 |  1.2
Spellcasting   | 1 |  1.1
Stealth        | |  4.1

Action                     |  1- 3 |  4- 6 |  7- 9 | 10-12 || total
---------------------------+-------+-------+-------+-------++-------
  Melee: War axe           |    39 |       |       |       ||    39
         Hand axe          |     4 |       |       |       ||     4
         Dagger            |    45 |    18 |       |       ||    63
   Fire: Longbow           |       |    24 |   194 |   375 ||   593
  Evoke: Wand              |       |       |       |     2 ||     2
    Use: Potion            |     3 |     1 |     3 |     5 ||    12
         Scroll            |       |       |     2 |    10 ||    12
 Armour: Leather armour    |     5 |       |       |       ||     5
         Chain mail        |    30 |     6 |    60 |     3 ||    99
         Steam dragon scal |       |       |       |    26 ||    26
         Acid dragon scale |       |       |       |    48 ||    48
  Dodge: Dodged            |    24 |     9 |    46 |   130 ||   209
